 Dungeon Crawl Stone Soup version 0.30.1-4-g462c640d31 (webtiles) character file.

Game seed: 4616809215757583749

22423 lonewolfV2 the Carver (level 12, -2/94 HPs)
             Began as a Demonspawn Gladiator on Aug 30, 2023.
             Was an Elder of Makhleb.
             Shot with an arrow by a centaur (12 damage)
             ... led by a centaur warrior
             ... on level 13 of the Dungeon.
             The game lasted 00:23:36 (14323 turns).

lonewolfV2 the Carver (Demonspawn Gladiator)       Turns: 14323, Time: 00:23:37

Health: -2/94      AC: 11    Str: 31    XL:     12   Next: 62%
Magic:  12/12      EV: 16    Int: 10    God:    Makhleb [****..]
Gold:   663        SH:  0    Dex: 15    Spells: 11/11 levels left

rFire   + . .        t - +2 falchion (venom)
rCold   . . .        (no shield)
rNeg    . . .        q - +3 ring mail of the Sharing Ziggurats {rF+ Will+}
rPois   +            (helmet restricted)
rElec   .            D - +0 cloak "Leaneun" {-Cast rPois Stlth+}
rCorr   .            (no gloves)
SInv    .            (no boots)
Will    +....        (no amulet)
Stlth   +++          x - +6 ring of strength
HPRegen 0.35/turn    k - +6 ring of strength
MPRegen 0.13/turn

%: no spellcasting, clarity
@: no status effects
A: hooves 2, horns 1, demonic guardian 1, ignite blood 1, demonic touch 2,
clarity
a: Renounce Religion, Minor Destruction, Lesser Servant of Makhleb, Major
Destruction


You were on level 13 of the Dungeon.
You worshipped Makhleb.
Makhleb was greatly pleased with you.
You visited 2 branches of the dungeon, and saw 14 of its levels.

You collected 735 gold pieces.
You spent 72 gold pieces at shops.

Inventory:

Hand Weapons
 a - a +0 war axe
 t - a +2 falchion of venom (weapon)
Missiles
 d - 6 throwing nets (quivered)
 e - 9 javelins
Armour
 b - a +0 leather armour
 c - a +1 helmet
 q - the +3 ring mail of the Sharing Ziggurats (worn) {rF+ Will+}
   (You found it on level 4 of the Dungeon)

   rF:        It protects you from fire.
   Will:      It increases your willpower.
 D - the +0 cloak "Leaneun" (worn) {-Cast rPois Stlth+}
   (You acquired it on level 11 of the Dungeon)

   rPois:     It protects you from poison.
   -Cast:     It prevents spellcasting.
   Stlth:     It makes you more stealthy.
Jewellery
 j - a +4 ring of protection
 k - a +6 ring of strength (right hand)
 o - a ring of flight
 x - a +6 ring of strength (left hand)
 y - a ring of protection from fire
 G - a +6 ring of intelligence
Wands
 g - a wand of mindburst (5)
 u - a wand of digging (2)
 B - a wand of charming (10)
 E - a wand of roots (3)
Scrolls
 l - 3 scrolls of teleportation
 r - 7 scrolls of fog
 A - a scroll of amnesia
 C - 2 scrolls of magic mapping
 H - a scroll of blinking
 K - a scroll of identify
Potions
 f - 3 potions of might
 h - a potion of ambrosia
 i - 4 potions of lignification
 m - a potion of heal wounds
 n - 5 potions of flight
 p - 4 potions of magic
 s - a potion of cancellation {unknown}
 v - a potion of invisibility {unknown}
 w - 3 potions of degeneration
 z - 3 potions of brilliance
 F - a potion of mutation
 I - a potion of haste {unknown}
 J - 2 potions of attraction


   Skills:
 + Level 8.9 Fighting
 + Level 11.2 Long Blades
 + Level 5.7 Axes
 + Level 1.9 Throwing
 + Level 8.8 Armour
 + Level 9.3 Dodging
 + Level 4.8 Stealth


You had 11 spell levels left.
You didn't know any spells.
Your spell library contained the following spells:

 Spells                   Type           Power      Damage    Failure   Level
 Freeze                   Ice            0%         1d3       45%         1
 Sting                    Tmut/Pois      0%         1d3       45%         1
 Ensorcelled Hibernation  Hex/Ice        0%         N/A       58%         2
 Poisonous Vapours        Pois/Air       0%         N/A       58%         2
 Sublimation of Blood     Necr           0%         N/A       58%         2
 Frozen Ramparts          Ice            0%         1d1       83%         3
 Hailstorm                Conj/Ice       0%         3d3       83%         3
 Spider Form              Tmut/Pois      0%         N/A       83%         3
 Summon Guardian Golem    Hex/Summ       0%         N/A       83%         3
 Anguish                  Hex/Necr       0%         N/A       99%         4
 Ice Form                 Ice/Tmut       0%         N/A       99%         4
 Olgreb's Toxic Radiance  Pois           0%         N/A       99%         4
 Petrify                  Tmut/Erth      0%         N/A       99%         4
 Alistair's Intoxication  Tmut/Pois      0%         N/A       100%        5
 Borgnjor's Vile Clutch   Necr/Erth      0%         N/A       100%        5
 Irradiate                Conj/Tmut      0%         3d11      100%        5
 Summon Forest            Summ/Tloc      0%         N/A       100%        5
 Summon Mana Viper        Hex/Summ       0%         N/A       100%        5
 Eringya's Noxious Bog    Tmut/Pois      0%         N/A       100%        6
 Simulacrum               Ice/Necr       0%         N/A       100%        6
 Summon Cactus Giant      Summ           0%         N/A       100%        6
 Orb of Destruction       Conj           0%         9d5       100%        7
 Spellforged Servitor     Conj/Summ      0%         N/A       100%        7
 Discord                  Hex            0%         N/A       100%        8
 Ignition                 Fire           0%         3d3       100%        8


Dungeon Overview and Level Annotations

Branches:
Dungeon (13/15)            Temple (1/1) D:6            Lair (0/5) D:9
    Orc (0/2) D:11
 Vaults: D:13-14

Altars:
Ashenzari
Cheibriados
Dithmenos
Fedhas
Gozag
Hepliaklqana
Kikubaaqudgha
Makhleb
Nemelex Xobeh
Okawaru
Qazlal
Trog
Uskayaw
Vehumet
Wu Jian
Xom
Yredelemnul

Shops:
D:3 :   D:9 ?*

Annotations:
D:8 2 transporters, exclusion: ice statue, otakuarchivist's ghost, novice MiFi


Innate Abilities, Weirdness & Mutations

You have hoof-like feet.
You have a pair of small horns on your head.
A weak demonic guardian rushes to your aid.
Your demonic aura sometimes causes spilled blood to erupt in flames.
Your touch may inflict irresistible damage on your foes.
You possess an exceptional clarity of mind.


Message History

The centaur shouts!
You hear a shout!
The howler monkey howls!
There is a stone staircase leading up here.
A centaur comes into view.
The centaur wields a +1 shortbow of flaming.
It bursts into flame!
The centaur shoots an arrow.
The arrow hits you.
A demonic guardian appears!
The arrow burns you.
The howler monkey hoots and howls with incredible vigour!
The manticore flicks its tail.
The volley of spikes hits you but does no damage.
You hear a shout!
The centaur shouts!
You hear a shout! x2; You hear a howl!
You hear a shout! x2
A centaur warrior comes into view.
The centaur wields a +0 shortbow.
The centaur shoots an arrow.
The arrow hits you.
The centaur wields a +0 shortbow.
The centaur shoots an arrow.
The arrow closely misses you.
The centaur shoots an arrow.
The arrow closely misses you.
There is a stone staircase leading up, spattered with blood here.
The centaur shoots an arrow.
The arrow hits you!
The centaur shoots an arrow.
The arrow hits you.
The centaur warrior wields a +0 shortbow.
The centaur warrior shoots an arrow.
The arrow hits you!!
The centaur shoots an arrow.
The arrow hits you.
The centaur shoots an arrow.
The arrow hits you.
The centaur shoots an arrow.
The arrow hits you.
Your rust devil hits the manticore.
Your rust devil corrodes the manticore!
A manticore comes into view.
The manticore misses you. The manticore claws you!
The manticore claws you but does no damage.
A centaur comes into view.
The centaur shoots an arrow.
The arrow hits you.
The centaur shoots an arrow.
The arrow closely misses you.
Your rust devil hits the manticore!
The manticore seems to be corroded for longer.
The manticore is engulfed in blazing flames.
There is a stone staircase leading up, spattered with blood here.
The centaur warrior shoots an arrow.
The arrow hits you!
* * * LOW HITPOINT WARNING * * *
The centaur shoots an arrow.
The arrow closely misses you.
The centaur shoots an arrow.
The arrow hits you!
* * * LOW HITPOINT WARNING * * *
The centaur shoots an arrow.
The arrow hits you!
You die...

.............
.......#....
..........
#........
#......#
##......#
.###.......#
.H.....@..##
.c....°H...#
.cc..h.○4......
..c...h○.......
.c.............
...............
...........####
...........#
...####....#


You could see a centaur warrior, 2 manticores, 4 centaurs, 2 howler monkeys and
a friendly rust devil (summoned).

Vanquished Creatures
  Josephine (D:11)
  Harold (D:11)
  Erica (D:8)
  2 boulder beetles
  4 two-headed ogres
  A sixfirhy (D:11)
  Pikel (D:5)
  A deep elf pyromancer (D:12)
  3 cyclopes
  A centaur zombie (D:10)
  Joseph (D:8)
  A manticore (D:12)
  Maurice (D:9)
  2 gargoyles
  An unseen horror (D:12)
  An unseen horror zombie (D:10)
  A kobold demonologist (D:11)
  4 trolls
  A polar bear (D:12)
  A hornet (D:10)
  2 centaur simulacra (D:12)
  5 wraiths
  2 shadows
  11 yaks
  2 wyverns
  Eustachio (D:4)
  A human (D:5)
  2 neqoxecs (D:11)
  A chaos spawn (D:11)
  2 steam dragons
  2 water moccasins
  Edmund (D:6)
  3 swamp worms (D:7)
  2 acid dragons
  2 black bears
  3 ice beasts
  3 orc warriors
  3 sky beasts
  2 wolves (D:12)
  A phantom (D:5)
  2 centaurs
  A lemure (D:5)
  4 kobold brigands
  3 bullfrogs
  8 necrophages
  4 scorpions
  2 gnoll sergeants (D:9)
  10 wights
  9 killer bees (D:8)
  2 howler monkeys
  3 quasits (D:11)
  7 orc priests
  5 jellies
  4 hounds
  2 human zombies
  2 sleepcaps (D:4)
  A gnoll bouda (D:10)
  8 iguanas
  14 orc wizards
  A scorpion zombie (D:5)
  2 mummies (D:10)
  4 howler monkey zombies
  12 gnolls
  3 adders
  7 white imps
  4 ufetubi
  3 worms
  4 dart slugs
  30 orcs
  7 endoplasms
  4 giant cockroaches
  4 goblins
  3 hobgoblins
  5 jackals
  3 quokkas
  5 ball pythons
  3 bats
  A frilled lizard (D:1)
  26 kobolds
  4 rats
307 creatures vanquished.

Vanquished Creatures (collateral kills)
  A wraith (D:11)
1 creature vanquished.

Vanquished Creatures (others)
  A scorpion (D:5)
  A hound (D:5)
  A gnoll (D:9)
  A kobold (D:8)
4 creatures vanquished.

Grand Total: 312 creatures vanquished

Notes
Turn   | Place    | Note
-------+----------+-------------------------------------------
     0 | D:1      | lonewolfV2 the Demonspawn Gladiator began the quest for the
                  | Orb.
     0 | D:1      | Reached XP level 1. HP: 16/16 MP: 1/1
    86 | D:1      | Discovered your monstrous ancestry.
    86 | D:1      | Gained mutation: You have large cloven feet. [demonic
                  | ancestry]
    86 | D:1      | Reached XP level 2. HP: 22/22 MP: 2/2
   634 | D:1      | Gained mutation: Your touch may inflict minor irresistible
                  | damage on your foes. [demonic ancestry]
   634 | D:1      | Reached XP level 3. HP: 27/27 MP: 3/3
  1759 | D:3      | Found a stormy altar of Qazlal.
  1790 | D:3      | Gained mutation: Your touch may inflict irresistible damage
                  | on your foes. [demonic ancestry]
  1790 | D:3      | Reached XP level 4. HP: 31/33 MP: 4/4
  1905 | D:3      | Found Zoiqyck's Vocational Training.
  2249 | D:4      | Noticed Eustachio
  2274 | D:4      | Killed Eustachio
  2275 | D:4      | Reached skill level 1 in Armour
  2275 | D:4      | Gained mutation: Your demonic aura sometimes causes spilled
                  | blood to erupt in flames. [demonic ancestry]
  2275 | D:4      | Reached XP level 5. HP: 27/40 MP: 5/5
  2384 | D:4      | Reached XP level 6. HP: 46/46 MP: 6/6
  2393 | D:4      | Identified the +3 ring mail of the Sharing Ziggurats {rF+
                  | Will+}
  2438 | D:4      | Reached skill level 5 in Axes
  2968 | D:5      | Entered Level 5 of the Dungeon
  2973 | D:5      | Reached skill level 1 in Long Blades
  3039 | D:5      | Found a runed translucent door.
  3039 | D:5      | Noticed a human
  3043 | D:5      | Found a basalt altar of Yredelemnul.
  3043 | D:5      | Noticed Pikel
  3050 | D:5      | Reached XP level 7. HP: 52/52 MP: 7/7
  3059 | D:5      | Killed Pikel
  3060 | D:5      | Reached skill level 3 in Long Blades
  3060 | D:5      | Reached skill level 1 in Stealth
  3060 | D:5      | Gained mutation: You have hoof-like feet. [demonic
                  | ancestry]
  3060 | D:5      | Reached XP level 8. HP: 40/60 MP: 8/8
  3297 | D:5      | Found a broken altar of Ashenzari.
  3643 | D:5      | Reached skill level 5 in Dodging
  3713 | D:5      | Found a blossoming altar of Fedhas.
  3849 | D:5      | Reached skill level 4 in Long Blades
  4097 | D:6      | Reached XP level 9. HP: 64/67 MP: 9/9
  4170 | D:6      | Identified the +2 spear "Xir Och" {speed, Str+3}
  4217 | D:6      | Noticed Edmund
  4227 | D:6      | Killed Edmund
  4228 | D:6      | Reached skill level 5 in Fighting
  4232 | D:6      | Reached skill level 5 in Long Blades
  4274 | D:6      | Noticed a two-headed ogre
  4284 | D:6      | Killed a two-headed ogre
  4285 | D:6      | Reached skill level 5 in Armour
  4533 | D:6      | Found a staircase to the Ecumenical Temple.
  4573 | Temple   | Entered the Ecumenical Temple
  4601 | Temple   | Became a worshipper of Makhleb the Destroyer
  4979 | D:6      | Reached skill level 6 in Long Blades
  5851 | D:7      | Found a shadowy altar of Dithmenos.
  5909 | D:7      | Reached * piety under Makhleb
  6029 | D:7      | Reached XP level 10. HP: 60/76 MP: 10/10
  6433 | D:7      | Reached skill level 7 in Long Blades
  6812 | D:8      | Found a sparkling altar of Nemelex Xobeh.
  7025 | D:8      | Noticed Joseph
  7033 | D:8      | Reached ** piety under Makhleb
  7038 | D:8      | Killed Joseph
  7658 | D:8      | Noticed Erica
  7666 | D:8      | Killed Erica
  7667 | D:8      | Reached skill level 8 in Long Blades
  8197 | D:8      | Found a transporter.
  8199 | D:8      | Found a transporter.
  8199 | D:8      | Noticed an ice statue
  8208 | D:8      | Noticed otakuarchivist's ghost (novice MiFi)
  8220 | D:8      | Identified the ring of Jylaruacu {Drain rElec rN+ MP+9
                  | Int+3}
  8221 | D:8      | Noticed a centaur warrior
  8447 | D:9      | Noticed a boulder beetle
  8456 | D:9      | Killed a boulder beetle
  8712 | D:9      | Found Kasuduna's Assorted Antiques.
  8755 | D:9      | Gained mutation: A weak demonic guardian rushes to your
                  | aid. [demonic ancestry]
  8755 | D:9      | Reached XP level 11. HP: 56/83 MP: 11/11
  8923 | D:9      | Noticed Maurice
  8945 | D:9      | Killed Maurice
  9546 | D:9      | Found Ypla's Magic Scroll Shop.
  9550 | D:9      | Bought a scroll of identify for 24 gold pieces
  9550 | D:9      | Bought a scroll of identify for 24 gold pieces
  9550 | D:9      | Bought a scroll of identify for 24 gold pieces
  9799 | D:9      | Noticed a two-headed ogre
  9806 | D:9      | Killed a two-headed ogre
 10187 | D:9      | Found a hide-covered altar of Uskayaw.
 10190 | D:9      | Found an iron altar of Okawaru.
 10213 | D:9      | Found a staircase to the Lair.
 10313 | D:10     | Entered Level 10 of the Dungeon
 10331 | D:10     | Noticed a two-headed ogre
 10347 | D:10     | Killed a two-headed ogre
 10348 | D:10     | Reached skill level 9 in Long Blades
 10404 | D:10     | Paralysed by a hornet for 1 turns
 11079 | D:10     | Noticed a two-headed ogre
 11085 | D:10     | Killed a two-headed ogre
 11234 | D:10     | Reached *** piety under Makhleb
 11266 | D:10     | Found an ancient bone altar of Kikubaaqudgha.
 11875 | D:11     | Noticed a sixfirhy
 11906 | D:11     | Killed a sixfirhy
 11958 | D:11     | Reached skill level 10 in Long Blades
 12131 | D:11     | Gained mutation: You have a pair of small horns on your
                  | head. [demonic ancestry]
 12131 | D:11     | Reached XP level 12. HP: 92/92 MP: 12/12
 12156 | D:11     | Found a staircase to the Orcish Mines.
 12340 | D:11     | Reached **** piety under Makhleb
 12393 | D:11     | Noticed Harold
 12404 | D:11     | Killed Harold
 12406 | D:11     | Identified a scroll of acquirement
 12406 | D:11     | Acquired the +0 cloak "Leaneun" {-Cast rPois Stlth+}
 12549 | D:11     | Noticed Josephine
 12553 | D:11     | Killed Josephine
 13235 | D:12     | Noticed a boulder beetle
 13251 | D:12     | Killed a boulder beetle
 13303 | D:12     | Reached skill level 11 in Long Blades
 13489 | D:12     | Gained mutation: You possess an exceptional clarity of
                  | mind. [potion of mutation]
 13560 | D:12     | HP: 3/94 [cyclops (14)]
 13918 | D:12     | Identified the +4 leather armour of Anaesthesia {+Inv}
 14320 | D:13     | Noticed a centaur warrior
 14323 | D:13     | Shot with an arrow by a centaur

Illustrated notes

Levels and vault maps discovered:
D:1:      dpeg_arrival_windows_large_door, layout_loops_corners
D:2:      layout_basic
D:3:      layout_rooms, nicolae_qazlal_scattered_showers,
          nicolae_shop_vocational
D:4:      layout_basic, uniq_eustachio
D:5:      layout_rooms, overflow_temple_1_default, dk_yredelemnul_ordeal,
          fedhas_altar_decomposition, uniq_pikel
D:6:      kb_forest_paths, layout_basic, minmay_temple_entry_grid,
          gup_sewer_entry_bowl, st_stairs_14, uniq_edmund
D:7:      layout_rooms, mainiacjoe_overflow_small_starburst,
          minmay_misc_feat_five, amcnicky_mini_pool_small, worms_lemuel
D:8:      layout_layer_cave, nemelex_xobeh_ov_fountains_minmay,
          nzn_ghost_randoct, uniq_erica, uniq_joseph
D:9:      layout_loops_corners, minitemple, grunt_lair_entry_orc_guard_hut,
          serial_shops, shop, shop, uniq_maurice
D:10:     layout_irregular_city, lemuel_mausoleum_altar_kikubaaqudgha,
          grunt_ministairs_5
D:11:     layout_irregular_city, david_orc_3, portal_ice_cave_entry_pillars_2,
          serial_demonic, serial_demonic_d, serial_demonic_d, serial_demonic_c,
          serial_demonic_g, serial_demonic_g, serial_demonic_c,
          serial_demonic_b, uniq_josephine, uniq_harold
D:12:     layout_roguey, serial_ice, serial_ice_e, serial_ice_i, serial_ice_b,
          serial_ice_a, serial_ice_o
D:13:     minmay_bubble_buster, layout_basic, david_vaults_4, uniq_azrael
Temple:   nicolae_temple_bog_church

Skill      XL: |  1  2  3  4  5  6  7  8  9 10 11 12 |
---------------+-------------------------------------+-----
Axes           | 3 4 5 |  5.7
Dodging        | 3 4 5 6 7 8 9 |  9.3
Armour         | 1 2 4 5 7 8 |  8.8
Fighting       | 3 4 5 6 8 |  8.9
Long Blades    | 1 3 4 6 8 10 11 | 11.2
Stealth        | 1 2 4 |  4.8
Throwing       | |  1.9

Action                     |  1- 3 |  4- 6 |  7- 9 | 10-12 || total
---------------------------+-------+-------+-------+-------++-------
  Melee: War axe           |    66 |    33 |       |       ||    99
         Kick              |    11 |    19 |    93 |   222 ||   345
         Touch             |     7 |    21 |    58 |   139 ||   225
         Falchion          |       |    52 |   258 |   573 ||   883
         Punch             |       |       |     3 |    12 ||    15
         Headbutt          |       |       |       |    44 ||    44
    Use: Scroll            |     8 |     4 |     4 |     6 ||    22
         Potion            |       |       |       |    12 ||    12
   Stab: Sleeping          |       |       |       |    10 ||    10
 Armour: Leather armour    |    32 |    35 |       |       ||    67
         Ring mail         |       |     7 |   137 |   254 ||   398
  Dodge: Dodged            |    65 |   105 |   259 |   474 ||   903
